 Dungeon Crawl Stone Soup version 0.19-a0-517-gd6a9987 (webtiles) character file.

19121 mistymad the Covert (level 12, -18/91 HPs)
             Began as a Vampire Enchanter on June 6, 2016.
             Was a High Priest of Kikubaaqudgha.
             Demolished by Rupert
             ... wielding a +1 executioner's axe of electrocution
              (46 damage)
             ... on level 4 of the Lair of Beasts.
             The game lasted 00:59:39 (15009 turns).

mistymad the Covert (Vampire Enchanter)            Turns: 15009, Time: 00:59:40

Health: -18/91     AC:  6    Str:  7    XL:     12   Next: 33%
Magic:  21/23      EV: 19    Int: 19    God:    Kikubaaqudgha [*****.]
Gold:   808        SH:  0    Dex: 18    Spells: 7 memorised, 8 levels left

rFire  . . .     SeeInvis +     u - +1 short sword (speed)
rCold  . . .     Gourm    .     R - +2 robe of Death's Door {Regen+ Stlth+}
rNeg   + + .     Faith    .     (no shield)
rPois  .         Spirit   .     Q - +0 hat
rElec  .         Dismiss  .     (no cloak)
rCorr  .         Reflect  .     l - +0 pair of gloves
SustAt .         Harm     .     O - +0 pair of boots
MR     ++...                    w - amulet of magic regeneration
Stlth  +++++++...               J - ring of protection from magic
                                s - ring of positive energy

@: very slightly contaminated, very resistant to hostile enchantments, extremely
stealthy
A: fangs 3, see invisible, unbreathing
a: Bat Form, Receive Corpses, Torment, Renounce Religion


You were on level 4 of the Lair of Beasts.
You worshipped Kikubaaqudgha.
Kikubaaqudgha was extremely pleased with you.
You were not thirsty.

You visited 3 branches of the dungeon, and saw 15 of its levels.

You collected 808 gold pieces.

Inventory:

Hand Weapons
 u - a +1 short sword of speed (weapon)
Missiles
 M - a throwing net (quivered)
Armour
 l - a +0 pair of gloves (worn)
 O - a +0 pair of boots (worn)
 Q - a +0 hat (worn)
 R - the +2 robe of Death's Door (worn) {Regen+ Stlth+}
   (You found it on level 3 of the Lair of Beasts)

   It increases your rate of regeneration.
   It makes you more stealthy.
Jewellery
 e - an uncursed amulet of faith {unknown}
 n - an uncursed amulet of regeneration
 r - an uncursed ring of ice
 s - a ring of positive energy (left hand)
 w - an amulet of magic regeneration (around neck)
 J - a ring of protection from magic (right hand)
Wands
 a - a wand of slowing (13/48)
 c - a wand of slowing (40/48)
 p - a wand of digging (11/24)
 y - a wand of flame (10/48)
 D - a wand of flame (15/48)
 H - a wand of polymorph (11/24)
 P - a wand of teleportation (3/9)
Scrolls
 b - a scroll of brand weapon {unknown}
 f - 2 scrolls of enchant armour
 g - 3 scrolls of fear
 h - 6 scrolls of magic mapping
 i - a scroll of amnesia
 m - 2 scrolls of fog
 o - 4 scrolls of teleportation
 t - a scroll of immolation
 x - 2 scrolls of enchant weapon
 z - a scroll of remove curse
 B - 2 scrolls of recharging
 G - a scroll of summoning
Potions
 d - 3 potions of blood
 j - 4 potions of ambrosia {unknown}
 q - a potion of might
 v - 3 potions of heal wounds {unknown}
 C - 4 potions of curing {unknown}
 F - 2 potions of magic {unknown}
 I - a potion of brilliance {unknown}
 N - 3 potions of haste {unknown}
Books
 L - a book of the Earth

   Spells                             Type                      Level
   a - Leda's Liquefaction            Hexes/Earth                  4
   b - Bolt of Magma                  Conjuration/Fire/Earth       5
   c - Statue Form                    Transmutation/Earth          6
   d - Iron Shot                      Conjuration/Earth            6
   e - Shatter                        Earth                        9


   Skills:
 + Level 7.6 Fighting
 + Level 8.3 Short Blades
 + Level 9.1 Dodging
 + Level 12.6 Stealth
 + Level 7.7 Spellcasting
 + Level 11.9 Hexes
 + Level 7.5 Necromancy


You had 8 spell levels left.
You knew the following spells:

 Your Spells              Type           Power        Failure   Level  Hunger
b - Ensorcelled Hibernat  Hex/Ice        ####..       1%          2    None
c - Confuse               Hex            ######..     1%          3    #......
d - Tukima's Dance        Hex            ######..     1%          3    #......
f - Corpse Rot            Necr           N/A          1%          2    None
g - Apportation           Tloc           #.........   12%         1    None
h - Dazzling Spray        Conj/Hex       ####..       2%          3    #......
i - Animate Dead          Necr           N/A          6%          4    ###....


Dungeon Overview and Level Annotations

Branches:
Dungeon (10/15)            Temple (1/1) D:5            Lair (4/8) D:9
  Swamp: Lair:3-6    Shoals: Lair:3-6     Snake: Lair:3-6    Spider: Lair:3-6
    Orc: D:9-12

Altars:
Ashenzari
Cheibriados
Dithmenos
Elyvilon
Fedhas
Gozag
Hepliaklqana
Kikubaaqudgha
Makhleb
Nemelex Xobeh
Okawaru
Pakellas
Qazlal
Ru
Sif Muna
Trog
Uskayaw
Vehumet
Xom
Yredelemnul
Zin
The Shining One

Shops:
D:4 *   D:8 :

Annotations:
D:10 Nergalle
Lair:4 Rupert


Innate Abilities, Weirdness & Mutations

You have razor-sharp teeth.
You have supernaturally acute eyesight. (SInv)
You can survive without breathing.


Message History

You bump into the rock wall.
Health restored: 91 You bump into the rock wall.
Rupert hits you with an executioner's axe of electrocution!!
You are electrocuted!
You take 50 damage, and have 41/91 hp.
MASSIVE DAMAGE!!
You feel less confused.
Rupert hits you with an executioner's axe of electrocution!
You are electrocuted!
* * * LOW HITPOINT WARNING * * *
You take 20 damage, and have 22/91 hp.
MASSIVE DAMAGE!!
Blink to where?
Press: ? - help, Dir - move target cursor, p - Rupert You are very lightly contaminated with residual magic.
As you read the scroll of blinking, it crumbles to dust.
Rupert rages.
Rupert hits you with an executioner's axe of electrocution!!!
Ouch! That really hurt!
You die...
Kikubaaqudgha rasps: "You have failed me!
Welcome... oblivion!"

....##.#.........%....#........##
#.##^..............#...@........#
........###.........##.#P@.....#.
#.#..#####.........######......#.
....## #........# ##......?.#
#.#.# #.#.##..## #.##+.#####
...## # ## #.#.# ##....# ### #.##
###@### #...####.# ...## #..@.#
####'.P.##..# #.#.#
#######...####...........#
...#####.##.##+..###............#
#.##...#.<......###.............#
................##..............#
#.#.###.........##..P...........#
....# ##........#..##...........#
#.#.# #........##.##..)........#
....# ##..........Z###P#.#..###.#


You could see Rupert (berserk).

Vanquished Creatures
  Gastronok (Lair:3)
  Snorg (Lair:3)
  Fannar (Lair:1)
  3 hydras
  A griffon (Lair:3)
  3 spiny frogs
  A komodo dragon (Lair:2)
  A queen bee (Lair:3)
  A troll (D:9)
  A merfolk (D:9)
  6 blink frogs
  20 yaks
  Eustachio (D:6)
  3 hippogriffs
  A hungry ghost (D:8)
  Duvessa (D:6)
  7 water moccasins
  4 porcupines
  4 ice beasts
  3 orc warriors
  A phantom (D:4)
  2 black bears
  2 sky beasts
  5 wolves (D:9)
  5 ogres
  2 centaurs
  6 crocodiles
  10 giant frogs
  Dowan (D:6)
  4 scorpions
  A water moccasin skeleton (D:7)
  3 wights (D:6)
  11 killer bees
  5 electric eels (D:9)
  A howler monkey (D:3)
  A jelly (D:9)
  6 crimson imps
  A giant frog zombie (D:7)
  An orc priest (D:3)
  A giant frog skeleton (D:6)
  5 hounds (D:9)
  2 centaur skeletons (D:5)
  A gnoll shaman (D:10)
  Ijyb (D:2)
  3 orc wizards
  Natasha (twice) (D:2)
  3 iguanas
  3 worker ants
  2 sheep (Lair:3)
  2 hound skeletons
  A howler monkey zombie (D:7)
  18 gnolls
  9 adders
  10 river rats
  2 oozes (D:2)
  An adder skeleton (D:9)
  3 worms
  4 dart slugs
  3 giant geckos
  38 orcs
  A ball python (D:3)
  5 giant cockroaches
  4 goblins
  6 hobgoblins
  20 jackals
  7 kobolds
  3 quokkas
  13 bats
  A giant gecko skeleton (D:8)
  3 giant newts
  A jackal zombie (D:7)
  12 rats
  2 plants (Lair:3)
324 creatures vanquished.

Vanquished Creatures (collateral kills)
  A spiny frog (Lair:2)
  A komodo dragon (Lair:3)
  6 blink frogs
  3 yaks
  4 killer bees (Lair:3)
  An iguana (Lair:3)
  2 sheep (Lair:3)
  An adder (D:5)
  5 river rats
  2 fungi
  2 plants (Lair:3)
28 creatures vanquished.

Vanquished Creatures (others)
  A fungus (Lair:3)
  A plant (Lair:3)
2 creatures vanquished.

Grand Total: 354 creatures vanquished

Notes
Turn   | Place    | Note
--------------------------------------------------------------
     0 | D:1      | mistymad the Vampire Enchanter began the quest for the Orb.
     0 | D:1      | Reached XP level 1. HP: 13/13 MP: 3/3
   131 | D:1      | Reached XP level 2. HP: 16/20 MP: 5/5
   474 | D:1      | Reached skill level 1 in Fighting
   767 | D:2      | Learned a level 2 spell: Ensorcelled Hibernation
   812 | D:2      | Noticed Natasha
   814 | D:2      | Noticed Ijyb
   818 | D:2      | Killed Natasha
   818 | D:2      | Reached skill level 5 in Stealth
   818 | D:2      | Reached XP level 3. HP: 15/26 MP: 3/6
   828 | D:2      | Noticed Natasha
   829 | D:2      | Killed Ijyb
   829 | D:2      | Reached XP level 4. HP: 20/32 MP: 0/7
   858 | D:3      | Noticed a giant frog
  1118 | D:3      | Learned a level 3 spell: Confuse
  1699 | D:3      | Killed a giant frog
  1699 | D:3      | Reached skill level 5 in Hexes
  1699 | D:3      | Reached XP level 5. HP: 33/38 MP: 5/9
  2291 | D:3      | Noticed a dagger
  2291 | D:3      | Noticed a dagger
  2418 | D:2      | Found a deep blue altar of Sif Muna.
  2527 | D:2      | Reached skill level 6 in Stealth
  2529 | D:2      | Reached XP level 6. HP: 44/44 MP: 10/10
  2564 | D:2      | Found a glowing golden altar of the Shining One.
  2729 | D:2      | Killed Natasha
  2748 | D:2      | Found a radiant altar of Vehumet.
  2749 | D:2      | Found an ancient bone altar of Kikubaaqudgha.
  2797 | D:2      | Became a worshipper of Kikubaaqudgha
  3545 | D:3      | Found a hide-covered altar of Uskayaw.
  3925 | D:4      | Got a brightly glowing leather armour
  3936 | D:4      | Identified the +3 leather armour of the Tortoise {rC+ Dex+4} (You found it on level 4 of the Dungeon)
  4144 | D:4      | Found Olaneil's Assorted Antiques.
  4180 | D:4      | Reached * piety under Kikubaaqudgha
  4180 | D:4      | Received a gift from Kikubaaqudgha
  4185 | D:4      | Identified Kikubaaqudgha's Catalogue of Dark Rites (Kikubaaqudgha gifted it to you on level 4 of the Dungeon)
  4192 | D:4      | Learned a level 3 spell: Tukima's Dance
  4194 | D:4      | Learned a level 1 spell: Animate Skeleton
  4313 | D:4      | Found a burning altar of Makhleb.
  4320 | D:4      | Found a hazy altar of Hepliaklqana.
  4700 | D:4      | Reached XP level 7. HP: 24/51 MP: 2/12
  4950 | D:5      | Entered Level 5 of the Dungeon
  4964 | D:5      | Learned a level 2 spell: Corpse Rot
  5112 | D:5      | Found a sacrificial altar of Ru.
  5153 | D:5      | Reached skill level 1 in Necromancy
  5281 | D:5      | Found a staircase to the Ecumenical Temple.
  5288 | D:5      | Reached skill level 7 in Stealth
  5367 | Temple   | Entered the Ecumenical Temple
  5664 | D:5      | Reached XP level 8. HP: 51/58 MP: 10/13
  5860 | D:6      | Found a glowing silver altar of Zin.
  6439 | D:6      | Reached skill level 5 in Dodging
  6439 | D:6      | Reached skill level 8 in Stealth
  6485 | D:6      | Noticed Duvessa
  6488 | D:6      | Noticed Dowan
  6510 | D:6      | Reached ** piety under Kikubaaqudgha
  6527 | D:6      | Killed Duvessa
  6558 | D:6      | Found a glowing golden altar of the Shining One.
  6585 | D:6      | Killed Dowan
  6690 | D:6      | Noticed Eustachio
  6708 | D:6      | Killed Eustachio
  6708 | D:6      | Reached XP level 9. HP: 66/66 MP: 15/15
  7497 | D:7      | Reached skill level 5 in Short Blades
  7501 | D:7      | Reached skill level 9 in Stealth
  7501 | D:7      | Reached skill level 5 in Spellcasting
  7548 | D:7      | Found a basalt altar of Yredelemnul.
  7741 | D:7      | Found a white marble altar of Elyvilon.
  8579 | D:8      | Found Amoqael's Book Shoppe.
  8721 | D:8      | Reached *** piety under Kikubaaqudgha
  8721 | D:8      | Received a gift from Kikubaaqudgha
  8728 | D:8      | Identified Kikubaaqudgha's Collected Works on Darkness (Kikubaaqudgha gifted it to you on level 8 of the Dungeon)
  8731 | D:8      | Learned a level 1 spell: Apportation
  8924 | D:9      | Reached skill level 5 in Fighting
  8995 | D:9      | Noticed a merfolk
  9018 | D:9      | Killed a merfolk
  9265 | D:9      | Found a staircase to the Lair.
  9267 | D:9      | Noticed a troll
  9279 | D:9      | Reached XP level 10. HP: 70/74 MP: 15/18
  9359 | D:9      | Reached skill level 10 in Stealth
 10093 | D:9      | Reached skill level 5 in Necromancy
 10275 | D:10     | Entered Level 10 of the Dungeon
 10343 | D:10     | Reached **** piety under Kikubaaqudgha
 10411 | D:10     | Noticed Nergalle
 10659 | Lair:1   | Entered Level 1 of the Lair of Beasts
 10689 | Lair:1   | Learned a level 3 spell: Dazzling Spray
 10694 | Lair:1   | Learned a level 4 spell: Animate Dead
 10733 | Lair:1   | Noticed a four-headed hydra
 10741 | Lair:1   | Killed a four-headed hydra
 10782 | Lair:1   | Reached skill level 10 in Hexes
 11027 | Lair:1   | Noticed a spiny frog
 11051 | Lair:1   | Killed a spiny frog
 11083 | Lair:1   | Noticed a spiny frog
 11085 | Lair:1   | Killed a spiny frog
 11085 | Lair:1   | Reached XP level 11. HP: 59/81 MP: 20/20
 11193 | Lair:1   | Noticed Fannar
 11229 | Lair:1   | Killed Fannar
 11229 | Lair:1   | Reached skill level 11 in Stealth
 12288 | Lair:2   | Reached ***** piety under Kikubaaqudgha
 12570 | Lair:3   | Noticed Snorg
 12603 | Lair:3   | Killed Snorg
 13042 | Lair:3   | Noticed Gastronok
 13056 | Lair:3   | Killed Gastronok
 13056 | Lair:3   | Reached skill level 12 in Stealth
 13648 | Lair:3   | Noticed a griffon
 13658 | Lair:3   | Got a faintly glowing robe
 13669 | Lair:3   | Identified the +2 robe of Death's Door {Regen+ Stlth+} (You found it on level 3 of the Lair of Beasts)
 13690 | Lair:3   | Killed a griffon
 14018 | Lair:3   | Reached XP level 12. HP: 91/91 MP: 23/23
 14319 | Lair:3   | Noticed an eight-headed hydra
 14350 | Lair:3   | Killed an eight-headed hydra
 14885 | Lair:4   | Noticed Rupert
 14886 | Lair:4   | Noticed a four-headed hydra
 14962 | Lair:4   | Killed a four-headed hydra
 15009 | Lair:4   | Demolished by Rupert

Vault maps used:
D:1:      evilmike_arrival_crescent, serial_bayou_pond_d
D:2:      lemuel_crystal_altar, gammafunk_temple_overflow_wave, tso_altar,
          uniq_natasha, uniq_iyjb
D:3:      dancing_weapons_uskayaw
D:4:      amethyst_overflow_temple_binary, serial_shops, shop
D:5:      kennysheep_mini, minmay_temple_entry_glass, first_bread
D:6:      nicolae_overflow_crystal_walls, basic_altar, serial_co_window_serial,
          co_window_corner_a, co_window_paths_b, co_window_corner_a,
          co_window_paths_b, co_window_paths_a, co_window_paths_a,
          co_window_paths_a, co_window_corner_b, co_window_broadway_a,
          co_window_corner_cb, co_window_corner_b, co_window_paths_c,
          co_window_of_opportunity_b, uniq_duvessa, uniq_eustachio
D:7:      elyvilon_altar_1, lemuel_crystal_altar
D:8:      serial_shops, nicolae_shop_crystal
D:9:      erik_lair_island, hangedman_fish_farm, roderic_batcave
D:10:     minmay_orc_entry_temple_small, uniq_sonja, uniq_nergalle
Temple:   dpeg_five_rooms_temple_12
Lair:1:   st_stairs_7, uniq_fannar
Lair:3:   wad_woods_minihive, infiniplex_staircase_pool_2, uniq_gastronok,
          uniq_snorg
Lair:4:   elwin_shoals_entry_rooms, st_stairs_12, uniq_rupert

Skill      XL: |  1  2  3  4  5  6  7  8  9 10 11 12 |
---------------+-------------------------------------+-----
Fighting       | 1 2 3 4 5 6 7 |  7.6
Stealth        | 5 6 7 8 9 10 12 | 12.6
Short Blades   | 2 3 4 5 6 7 8 |  8.3
Dodging        | 3 4 5 6 7 8 9 |  9.1
Hexes          | 5 6 7 9 10 11 | 11.9
Spellcasting   | 3 4 5 6 7 |  7.7
Necromancy     | 1 3 4 5 7 |  7.5

Action                   |  1- 3 |  4- 6 |  7- 9 | 10-12 || total
-------------------------+-------+-------+-------+-------++-------
Melee: Dagger            |    72 |   202 |       |       ||   274
       Bite              |     4 |    31 |    48 |    61 ||   144
       Short sword       |       |    99 |   474 |   672 ||  1245
 Cast: Corona            |     3 |       |       |       ||     3
       Ensorcelled Hiber |     3 |    46 |    32 |    67 ||   148
       Confuse           |       |    22 |    42 |    80 ||   144
       Animate Skeleton  |       |       |     5 |     1 ||     6
       Corpse Rot        |       |       |     2 |       ||     2
       Animate Dead      |       |       |       |    21 ||    21
       Tukima's Dance    |       |       |       |     9 ||     9
Invok: Receive Corpses   |       |       |       |     1 ||     1
Evoke: Wand              |       |       |       |     1 ||     1
  Use: Potion            |       |     9 |     5 |    12 ||    26
       Scroll            |       |       |       |    21 ||    21
 Stab: Sleeping          |     8 |    42 |    32 |    60 ||   142
       Confused          |       |     5 |    28 |    54 ||    87
       Distracted        |       |     2 |       |     4 ||     6
Armor: Robe              |    18 |    29 |       |    18 ||    65
       Leather armour    |       |    15 |    87 |    22 ||   124
Dodge: Dodged            |    50 |   146 |   257 |   324 ||   777
